Map: Ascension to Aiur LE

Players

Kaizenn

  • Race: Terran Terran
  • League: Master
  • Spawn Location: 5:00

Garbage - Winner!

  • Race: Zerg Zerg
  • League: Diamond
  • Spawn Location: 11:00

VOD

Have the link to the VOD?

Description

Time

  • Played on: Dec. 21, 2017, 10:58 p.m.
  • Length: 26:21
Show
View Real Time Build Order
Export as new Build Order

Kaizenn Terran 

Build Orders: Reaper Expand, Bio Mine 

Get SALT Encoding   

  12  0:01  SCV  
  13  0:13  SCV  
  14  0:17  Supply Depot  
  14  0:25  SCV  
  15  0:32  Refinery  
  15  0:39  SCV  
  16  0:46  Barracks  
  16  0:51  SCV  
  17  1:03  SCV  
  18  1:15  SCV  
  19  1:33  Orbital Command, Reaper  
  20  1:44  Command Center  
  20  1:56  Factory  
  20  1:59  SCV  
  21  2:10  Barracks Reactor  
  21  2:12  SCV  
  21  2:15  Refinery  
  22  2:21  Supply Depot  
  22  2:24  SCV  
  23  2:43  SCV  
  24  2:46  Starport  
  24  2:55  SCV  
  24  2:57  Marine x2  
  27  2:59  Factory Tech Lab  
  27  3:02  Orbital Command  
  27  3:07  SCV  
  28  3:15  Marine x2  
  28  3:19  SCV  
  31  3:24  Widow Mine, Viking  
  35  3:32  SCV x2, Supply Depot  
  37  3:39  Marine x2  
  39  3:44  SCV  
  39  3:46  Siege Tank  
  43  3:49  SCV  
  44  3:56  SCV  
  44  3:57  Medivac  
  44  4:01  SCV  
  48  4:02  Marine  
  48  4:08  SCV  
  50  4:13  SCV  
  50  4:15  Supply Depot  
  51  4:20  SCV, Command Center  
  51  4:22  Marine x2  
  54  4:32  Barracks  
  54  4:37  SCV x2  
  56  4:38  Factory Reactor  
  56  4:39  Barracks  
  56  4:46  Marine  
  56  4:47  Marine  
  56  4:49  SCV x2, Medivac  
  56  4:50  Supply Depot  
  62  4:56  Refinery  
  62  4:57  Engineering Bay  
  62  5:11  SCV x2, Marine x2  
  62  5:14  Supply Depot  
  66  5:23  SCV x2  
  68  5:32  Marine x2  
  68  5:34  Stimpack  
  67  5:35  SCV  
  67  5:38  Marine  
  67  5:39  SCV, Orbital Command  
  70  5:45  Terran Infantry Weapons Level 1  
  70  5:46  Factory Reactor  
  70  5:47  Refinery, Supply Depot  
  70  5:48  SCV  
  71  5:51  SCV  
  72  5:59  Marine  
  72  6:00  Marine x4  
  72  6:01  Orbital Command  
  72  6:03  SCV  
  78  6:11  SCV  
  78  6:15  SCV  
  78  6:17  Barracks  
  78  6:18  Factory  
  80  6:20  Barracks  
  80  6:22  Supply Depot  
  80  6:23  SCV  
  81  6:27  Marine x2  
  81  6:28  Marine x3  
  86  6:35  SCV, Factory Reactor  
  87  6:41  Medivac x2  
  87  6:44  SCV x2  
  87  6:45  Marine x3  
  96  6:47  SCV, Bunker  
  96  6:52  Marine  
  98  6:54  Marine  
  98  6:56  SCV x2  
  98  6:59  SCV  
  100  7:03  Marine x2  
  100  7:08  SCV  
  103  7:10  Marine x2  
  103  7:11  Medivac  
  103  7:12  Factory Tech Lab  
  103  7:13  Barracks Reactor  
  103  7:14  SCV, Barracks Reactor  
  108  7:16  SCV  
  109  7:34  Combat Shields  
  109  7:50  SCV, Marine x2  
  109  7:51  SCV  
  109  7:52  SCV  
  109  7:55  Armory  
  109  7:56  Supply Depot  
  109  8:05  Marine x2  
  109  8:06  Marine  
  109  8:13  SCV  
  109  8:17  Marine, Medivac  
  109  8:18  Siege Tank, Widow Mine  
  109  8:19  Marine  
  117  8:25  Refinery  
  117  8:26  Refinery, Supply Depot x2  
  117  8:30  Command Center  
  117  8:43  Marine  
  117  8:47  SCV x2, Marauder, Marine x6, Widow Mine  
  117  8:48  SCV  
  130  8:50  Terran Infantry Armor Level 1  
  130  8:51  Armory, Supply Depot  
  130  8:52  Supply Depot  
  129  9:00  Marine  
  129  9:01  Marine  
  126  9:09  Marauder  
  123  9:10  Marine x3  
  123  9:11  Marine x2  
  123  9:12  Widow Mine x2  
  123  9:13  Siege Tank, Medivac x2  
  123  9:15  Supply Depot  
  139  9:25  Sensor Tower, Terran Vehicle Weapons Level 1, Liberator x2  
  139  9:28  Engineering Bay, Marine  
  139  9:29  Marine x4  
  139  9:30  Marauder  
  139  9:31  SCV  
  147  9:32  SCV  
  147  9:36  SCV  
  149  9:42  Drilling Claws  
  149  9:43  SCV  
  149  9:45  Orbital Command  
  156  9:52  Marauder, Marine x3  
  159  9:53  Siege Tank, Marine  
  159  9:54  Widow Mine x2  
  169  10:02  Barracks  
  169  10:03  Barracks  
  169  10:04  Barracks  
  166  10:12  Marine  
  167  10:18  Marine x2  
  167  10:19  Marine x2  
  171  10:24  Supply Depot  
  171  10:26  Supply Depot  
  171  10:28  Marauder, Widow Mine  
  175  10:31  Liberator x2  
  175  10:33  Marine  
  175  10:39  Marine x2  
  177  10:44  Terran Infantry Armor Level 2, Terran Infantry Weapons Level 2  
  177  10:45  Marine x2  
  177  10:49  Marauder  
  169  11:25  Marine  
  166  11:29  Marine x5  
  166  11:30  Marine x3  
  166  11:31  Marauder  
  142  11:35  Marine x2  
  142  11:36  Siege Tank, Medivac x2  
  137  11:43  Marine  
  135  11:47  Marine  
  135  11:49  Liberator x2  
  135  11:52  Marauder  
  135  11:54  Marine x2  
  129  11:55  Marine x3  
  129  11:57  Barracks Tech Lab  
  129  11:59  Marine x2  
  129  12:01  Widow Mine x2  
  131  12:08  Siege Tank  
  137  12:14  Marauder  
  137  12:15  Marine x4  
  129  12:16  Marine x2  
  128  12:26  Marine x2  
  119  12:31  Marine x2  
  119  12:33  Marine  
  119  12:35  Marauder  
  122  12:37  Marine x2  
  122  12:38  Marine x3  
  122  12:43  Marine x2, Command Center  
  128  12:45  Siege Tank, Widow Mine x2  
  128  12:46  Command Center  
  128  12:48  Supply Depot  
  128  12:49  Marine  
  128  12:50  Marauder  
  138  12:56  Marauder  
  134  13:06  Liberator x2  
  134  13:11  Marauder  
  136  13:13  Marine x3  
  136  13:14  Marine x2  
  136  13:18  Marauder  
  143  13:21  Marine x3  
  143  13:22  Siege Tank, Widow Mine  
  157  13:29  SCV  
  157  13:30  Ghost Academy  
  157  13:31  Marine  
  157  13:33  Marauder, Terran Infantry Weapons Level 3  
  159  13:35  SCV, Terran Infantry Armor Level 3  
  159  13:37  SCV  
  159  13:39  Marauder, Marine x2  
  165  13:43  Barracks Tech Lab  
  165  13:46  Marine x2  
  166  13:48  Liberator  
  166  13:54  Marauder  
  168  13:57  Liberator  
  168  14:00  Marauder  
  170  14:03  Marine x5  
  170  14:04  Marauder, Siege Tank  
  170  14:05  Widow Mine x2  
  187  14:13  Marine x3  
  187  14:15  SCV x3  
  194  14:29  Marine x2  
  194  14:30  Marauder  
  198  14:31  SCV, Liberator  
  199  14:39  Marine  
  191  14:49  Marine x3  
  191  14:50  Marauder x2, Marine x4  
  191  14:51  Marauder  
  200  15:11  SCV  
  195  15:15  Marine  
  195  15:19  Marine x4  
  195  15:21  SCV  
  197  15:26  Planetary Fortress  
  197  15:27  Sensor Tower, Ghost  
  196  15:28  Marauder  
  196  15:47  Sensor Tower  
  196  15:51  Marine  
  197  15:59  Marine x3  
  146  16:25  Marine x5  
  130  16:26  Marauder x3, Marine x2, Siege Tank  
  130  16:27  Medivac x2  
  148  16:40  SCV  
  149  16:47  Marauder  
  149  16:48  Marine x5  
  149  16:49  Marauder x2, Marine x3  
  149  16:51  Planetary Fortress  
  149  16:54  Refinery x2  
  163  16:58  Siege Tank  
  166  17:05  Medivac x2  
  166  17:06  Marine x2  
  166  17:07  Refinery  
  172  17:09  Marauder, Refinery  
  172  17:11  Starport  
  154  17:33  Marine  
  154  17:34  Marine  
  154  17:36  Marine x2, Liberator x2  
  154  17:37  Marauder x2, Marine x2  
  128  17:39  SCV  
  135  17:46  Marauder, Marine x2  
  136  17:51  Marine  
  136  17:52  Marine  
  136  17:54  Siege Tank, Marine x2  
  136  17:55  Widow Mine x2  
  136  17:57  Starport Reactor  
  153  17:59  Marauder x2  
  153  18:00  Marine  
  153  18:02  Marine  
  153  18:03  Marine  
  160  18:09  Marine x2  
  162  18:20  Marauder  
  155  18:30  Liberator  
  155  18:31  Liberator  
  155  18:33  Marine  
  103  18:35  Marine x6  
  103  18:36  Marauder x2, Widow Mine x2  
  112  18:41  Marauder  
  112  18:45  Marine  
  118  18:51  Marine  
  118  18:53  SCV, Marine x3  
  118  18:55  SCV  
  124  18:57  Marauder x2  
  124  18:58  Marine x2  
  132  19:03  Marauder  
  132  19:05  Marine x2  
  132  19:09  Marine  
  135  19:10  Marine  
  136  19:18  Marauder  
  136  19:19  Marine x2  
  136  19:20  Marauder, Medivac x2  
  146  19:26  Marine x2  
  146  19:27  Marauder  
  146  19:30  Marine x2  
  152  19:35  Command Center  
  152  19:40  Marauder  
  152  19:42  Orbital Command  
  152  19:44  Marine  
  155  19:47  Marine x2  
  155  19:48  Marauder  
  155  19:49  Command Center  
  159  19:54  Siege Tank  
  159  19:55  Medivac x2  
  159  19:56  SCV, Marine  
  159  19:57  Marine  
  169  20:03  Marine  
  169  20:04  Marauder, Marine  
  173  20:15  Marine x2  
  173  20:16  Marauder  
  173  20:17  Marauder, Marine x3  
  173  20:18  Medivac  
  184  20:23  Refinery x2  
  184  20:35  Siege Tank  
  191  20:40  SCV  
  175  21:00  Marauder, Marine x2  
  175  21:02  Planetary Fortress  
  175  21:03  Marine  
  182  21:04  Marauder  
  182  21:11  Planetary Fortress  
  185  21:18  Siege Tank  
  185  21:32  Marine x2  
  177  21:33  Marauder  
  181  21:46  Marine x2  
  181  21:47  Marauder, Marine x2  
  187  21:54  Marauder  
  187  21:55  Marine x2  
  191  22:04  Siege Tank x2  
  199  22:08  Marauder  
  199  22:20  Marine  
  140  22:43  Liberator x2  
  119  22:44  Marine x4  
  119  22:45  Marauder x2, Marine x3, Siege Tank  
  121  22:51  Marine  
  121  22:58  Marine  
  114  23:01  SCV  
  114  23:02  Marine x2  
  113  23:06  Marauder x2  
  116  23:13  Marine x2  
  109  23:21  Marine x3  
  109  23:22  Cyclone  
  115  23:28  Marauder x2  
  118  23:37  Marine x3  
  120  23:44  Marine x3  
  120  23:45  Marine x3  
  120  23:47  Siege Tank  
  126  23:49  Marauder x2  
  126  23:55  Marine x2  
  110  24:10  Marauder  
  110  24:16  Marine x3  
  114  24:20  Marine x3  
  91  24:32  Marauder  
  91  24:36  Marine x4  
  91  24:37  Siege Tank x2  
  103  24:43  Marine  
  103  24:44  Marine x2  
  103  24:45  Marine x2  
  95  24:50  SCV  
  96  24:53  Marauder  
  96  24:54  Marine x3  
  101  25:05  Marine x5  
  106  25:09  Siege Tank x2  
  110  25:14  Marauder  
  84  25:29  Marine x6  
  84  25:35  Marine x3  
  92  25:36  Marauder  
  92  25:41  Siege Tank  
  98  25:46  Siege Tank  
  98  25:47  Marine x3  
  104  25:53  Marine x2  
  106  25:57  Marauder  
Show
View Real Time Build Order
Export as new Build Order

Garbage Zerg - Winner!

Build Orders: Hatch First 

Get SALT Encoding   

  12  0:02  Drone  
  13  0:12  Overlord  
  13  0:17  Drone  
  14  0:31  Drone x2  
  14  0:35  Drone  
  17  0:53  Hatchery  
  17  0:56  Drone  
  17  0:59  Drone  
  18  1:10  Extractor  
  17  1:15  Spawning Pool  
  17  1:18  Drone  
  17  1:20  Drone  
  18  1:29  Drone  
  19  1:40  Overlord  
  19  1:52  Drone  
  20  2:02  Queen  
  20  2:04  Zergling x2, Queen  
  20  2:06  Zergling x2  
  26  2:13  Drone  
  27  2:17  Drone  
  28  2:27  Hatchery  
  27  2:35  Metabolic Boost  
  26  2:52  Drone x2  
  26  2:53  Drone  
  26  2:54  Pneumatized Carapace, Drone x2  
  26  2:57  Drone  
  32  3:03  Drone x2  
  34  3:15  Drone x2  
  36  3:28  Overlord  
  36  3:38  Queen  
  36  3:41  Drone x4  
  41  3:46  Queen  
  44  3:50  Drone x2  
  44  3:52  Drone  
  44  3:55  Queen  
  47  3:56  Overlord  
  49  4:08  Overlord x3  
  49  4:12  Overlord x2  
  49  4:24  Evolution Chamber  
  48  4:25  Evolution Chamber  
  48  4:28  Drone x5  
  48  4:29  Drone x4  
  56  4:33  Queen  
  56  4:35  Queen  
  56  4:36  Drone  
  61  4:47  Zergling x2  
  61  4:48  Zergling x6  
  65  4:53  Zerg Ground Armor Level 1  
  65  5:00  Zergling x6  
  68  5:07  Extractor  
  68  5:08  Extractor x2, Zergling x10  
  68  5:09  Zergling x4  
  72  5:17  Zergling x2  
  72  5:18  Zergling x2  
  74  5:34  Overlord x3  
  72  5:36  Zerg Melee Weapons Level 1  
  72  5:51  Queen  
  72  5:53  Hatchery  
  73  6:03  Zergling x10  
  73  6:04  Zergling x12  
  80  6:10  Drone x5  
  89  6:12  Overlord x3  
  89  6:15  Lair  
  89  6:17  Baneling Nest  
  89  6:18  Drone  
  89  6:31  Drone x3  
  89  6:32  Drone  
  93  6:34  Drone  
  94  6:49  Drone x2  
  94  6:50  Drone x5  
  99  7:02  Drone x2  
  99  7:03  Drone x3  
  104  7:10  Drone x4  
  104  7:11  Drone  
  104  7:15  Centrifical Hooks  
  109  7:16  Zerg Ground Armor Level 2, Hydralisk Den  
  108  7:27  Baneling x5  
  108  7:31  Drone  
  108  7:32  Drone x8  
  116  7:45  Hydralisk  
  116  7:46  Hydralisk  
  116  7:51  Zerg Melee Weapons Level 2  
  119  8:04  Zergling x2  
  120  8:06  Overlord x4  
  120  8:09  Baneling x4  
  120  8:10  Baneling x2  
  119  8:13  Hatchery  
  116  8:21  Baneling x4  
  116  8:22  Hydralisk, Baneling  
  116  8:24  Overlord x5  
  118  8:33  Infestation Pit  
  117  8:37  Drone  
  117  8:38  Hatchery, Drone x9  
  119  8:42  Hydralisk x2  
  119  8:47  Hydralisk x2  
  127  8:52  Drone  
  124  9:11  Zergling x20  
  124  9:13  Hydralisk  
  124  9:14  Hive  
  136  9:20  Extractor x2  
  136  9:23  Hatchery  
  133  9:24  Hydralisk x2  
  133  9:25  Hydralisk x5  
  147  9:33  Spore Crawler  
  147  9:34  Spore Crawler  
  147  9:37  Hydralisk x6  
  157  9:41  Baneling  
  157  9:51  Extractor x2  
  155  9:59  Hydralisk  
  155  10:00  Hydralisk x4  
  155  10:05  Hydralisk x2  
  166  10:08  Zergling x22  
  166  10:10  Drone  
  178  10:33  Extractor  
  177  10:36  Extractor  
  177  10:37  Hydralisk  
  177  10:38  Zergling x14  
  177  10:39  Zergling x6  
  177  10:40  Overlord x4  
  188  10:55  Overlord x3  
  188  10:56  Overlord x2  
  188  11:00  Ultralisk Cavern, Zerg Melee Weapons Level 3  
  188  11:01  Zerg Ground Armor Level 3  
  188  11:03  Adrenal Glands  
  187  11:05  Zergling x26  
  182  11:20  Zergling x20  
  182  11:21  Zergling x2  
  182  11:24  Muscular Augments  
  163  11:35  Zergling x20  
  162  11:49  Zergling x4  
  162  11:50  Zergling x14  
  162  11:53  Zergling x6  
  153  11:58  Zergling x10  
  141  12:04  Chitinous Plating  
  141  12:06  Ultralisk x4  
  160  12:13  Hydralisk x3  
  157  12:22  Zergling x8  
  155  12:23  Zergling x6  
  155  12:29  Zergling x8  
  150  12:30  Zergling x2  
  150  12:34  Zergling x6  
  139  12:42  Baneling x11  
  128  13:03  Hydralisk  
  128  13:05  Hydralisk x6  
  123  13:06  Hydralisk  
  135  13:16  Drone x7  
  135  13:48  Drone x2  
  135  13:49  Drone x13  
  135  13:55  Hydralisk x7  
  150  14:09  Drone x4  
  154  14:10  Drone x3  
  156  14:18  Hydralisk x3  
  156  14:19  Hydralisk  
  164  14:33  Zergling x22  
  164  14:34  Zergling x2  
  170  15:05  Zergling x18  
  170  15:06  Zergling x14  
  170  15:07  Overlord  
  186  15:08  Hatchery  
  181  15:28  Drone x4  
  183  15:41  Baneling x13  
  183  15:55  Zergling x42  
  194  16:07  Zergling x10  
  178  16:19  Zergling x18  
  169  16:47  Zergling x2  
  169  16:48  Zergling x28  
  169  16:49  Spore Crawler  
  169  16:51  Baneling  
  169  16:52  Baneling x17  
  169  16:53  Overseer x3  
  183  17:04  Baneling x3  
  183  17:05  Baneling x5  
  182  17:25  Zergling x32  
  182  17:26  Zergling x2  
  178  17:30  Zergling x2  
  159  17:38  Zergling x8  
  161  17:45  Ultralisk  
  161  17:47  Queen  
  161  17:50  Queen  
  165  18:01  Baneling x8  
  165  18:02  Baneling  
  165  18:05  Ultralisk x2  
  177  18:06  Ultralisk x2  
  177  18:11  Pathogen Glands  
  189  18:17  Evolution Chamber  
  182  18:34  Ultralisk x4  
  185  18:37  Zergling x2  
  167  18:55  Ultralisk x2  
  179  18:56  Zergling x10  
  179  18:57  Zergling x8  
  188  19:05  Infestor x3  
  188  19:06  Infestor  
  188  19:08  Infestor  
  192  19:48  Hatchery  
  190  20:20  Zergling x18  
  193  21:00  Baneling x11  
  190  21:37  Zergling x2  
  190  21:38  Zergling x22  
  200  22:02  Baneling x2  
  200  22:03  Baneling x17  
  159  22:30  Hydralisk x16  
  159  22:31  Hydralisk x11  
  190  22:46  Zergling x24  
  179  23:13  Ultralisk  
  179  23:14  Ultralisk x2  
  197  23:25  Zergling x6  
  200  23:31  Zerg Missile Weapons Level 1  
  190  23:48  Zergling x16  
  189  23:49  Zergling x8  
  200  24:01  Zergling x2  
  195  24:02  Zergling x2  
  195  24:03  Zergling x10  
  178  24:12  Zergling x8  
  178  24:13  Zergling x10  
  165  24:19  Ultralisk  
  162  24:36  Hatchery  
  150  24:51  Ultralisk x9  
  185  25:12  Zergling x2  
  185  25:13  Zergling x28  
  175  25:30  Zergling x4  
  175  25:31  Zergling x22  
  188  25:38  Ultralisk x2, Extractor x2  
  198  25:46  Baneling x18  
  198  25:47  Baneling x12  
Tags
 
Add a new tag
Caveats
  • Supply blocks, unpowered buildings, or Contaminate may cause inaccurate times.
  • Supply counts are checked every 10 seconds.